Map: Multiprocessor LE

Players

SlushyStar

  • Race: Terran Terran
  • Spawn Location: 9:00

CmdrBeaumont

  • Race: Protoss Protoss
  • Spawn Location: 12:00

WheresWaldo

  • Race: Protoss Protoss
  • Spawn Location: 9:00

Throwfordays

  • Race: Protoss Protoss
  • League: Silver
  • Spawn Location: 11:00

brotherbatch

  • Race: Protoss Protoss
  • League: Gold
  • Spawn Location: 5:00

DoNoHoes

  • Race: Terran Terran
  • League: Gold
  • Spawn Location: 6:00

xJRog

  • Race: Terran Terran
  • League: Silver
  • Spawn Location: 5:00

BRAZZERS

  • Race: Protoss Protoss
  • League: Diamond
  • Spawn Location: 3:00

VOD

Have the link to the VOD?

Description

Time

  • Played on: April 26, 2019, 11:10 p.m.
  • Length: 13:37
Show
View Real Time Build Order
Export as new Build Order

SlushyStar Terran 

Build Orders:  

Get SALT Encoding   

  12  0:49  Supply Depot  
  12  0:54  Refinery  
  12  0:56  SCV  
  13  1:08  SCV  
  14  1:20  SCV, Barracks  
  15  1:33  SCV  
  16  1:45  SCV  
  17  2:17  Marine  
  18  2:35  Marine  
  18  2:36  Factory  
  19  2:43  SCV  
  20  2:53  Marine  
  20  2:55  SCV  
  21  3:07  SCV  
  21  3:11  Marine  
  23  3:19  SCV  
  23  3:40  Supply Depot  
  23  4:01  Marine, SCV  
  25  4:06  Hellion  
  27  4:18  Supply Depot  
  27  4:19  Marine  
  28  4:24  SCV  
  28  4:27  Hellion  
  31  4:33  Refinery  
  31  4:39  Marine, SCV  
  33  4:47  Starport  
  33  4:48  Hellion  
  33  4:51  SCV  
  36  4:57  Supply Depot  
  36  5:04  SCV  
  37  5:13  Barracks Reactor  
  37  5:16  SCV  
  37  5:18  Factory Tech Lab  
  37  5:20  Supply Depot  
  38  5:30  Barracks  
  38  5:43  Supply Depot  
  38  6:05  Supply Depot  
  38  6:18  Command Center  
  38  6:19  SCV  
  38  6:25  Siege Tank  
  42  6:31  SCV, Starport Tech Lab  
  43  6:40  Marine x2  
  43  6:43  SCV  
  46  6:55  SCV  
  46  6:57  Siege Tank  
  46  6:58  Marine x2  
  52  7:02  Engineering Bay  
  52  7:07  SCV  
  53  7:16  Marine x2  
  55  7:23  Bunker  
  55  7:29  SCV, Siege Tank  
  59  7:34  Marine x2  
  57  7:41  SCV  
  58  7:55  Bunker  
  58  8:01  Cyclone  
  58  8:05  Medivac  
  61  8:25  Bunker  
  56  8:28  Marine  
  56  8:33  Marine x2, Cyclone  
  62  8:49  Barracks Tech Lab  
  62  8:50  Marine  
  62  8:51  Marine  
  62  8:52  SCV  
  65  9:04  SCV  
  65  9:05  Hellion  
  65  9:08  Marine x2  
  70  9:16  SCV  
  71  9:26  Marine x2, Siege Tank  
  71  9:29  SCV  
  67  9:41  SCV  
  68  9:53  SCV  
  68  9:57  Starport  
  68  9:59  Siege Tank  
  67  10:05  SCV  
  67  10:17  SCV  
  67  10:18  Missile Turret  
  68  10:29  SCV  
  68  10:31  SCV  
  70  10:37  Missile Turret  
  70  10:41  SCV  
  71  10:43  SCV  
  71  10:46  Marine  
  73  10:53  SCV  
  73  10:55  SCV  
  75  10:58  Missile Turret  
  75  11:05  SCV  
  75  11:07  SCV  
  77  11:13  Marine  
  77  11:15  Marine  
  77  11:17  SCV  
  80  11:18  Missile Turret  
  80  11:19  SCV  
  81  11:40  Missile Turret  
  81  11:49  Medivac  
  83  12:00  Missile Turret  
  73  12:20  Missile Turret  
  73  12:34  Supply Depot  
  73  12:40  Missile Turret  
  73  12:55  Viking, Cyclone  
  73  12:56  Supply Depot  
Show
View Real Time Build Order
Export as new Build Order

CmdrBeaumont Protoss 

Build Orders:  

Get SALT Encoding   

  12  0:00  Probe  
  13  0:20  Pylon, Probe  
  14  0:32  Probe  
  15  0:41  Forge  
  15  0:44  Probe  
  16  1:24  Probe  
  16  1:25  Pylon  
  16  1:32  Probe  
  18  1:45  Photon Cannon  
  18  2:05  Pylon  
  17  2:48  Pylon  
  17  3:15  Photon Cannon  
  17  3:20  Photon Cannon  
  17  3:27  Photon Cannon  
  17  3:30  Probe  
  17  3:33  Assimilator x2  
  18  3:38  Probe  
  18  3:48  Probe  
  20  4:00  Probe  
  21  4:12  Probe  
  22  4:20  Probe  
  22  4:28  Probe  
  24  4:38  Probe  
  25  4:50  Probe  
  25  4:52  Gateway  
  26  5:41  Cybernetics Core  
  26  5:50  Pylon  
  26  5:51  Pylon  
  26  5:55  Pylon  
  26  5:57  Pylon  
  26  6:00  Pylon  
  26  6:04  Pylon  
  26  6:11  Photon Cannon  
  26  6:15  Photon Cannon  
  26  6:28  Stargate  
  26  6:29  Stargate  
  26  6:33  Stargate  
  26  6:38  Stargate  
  14  7:19  Void Ray  
  18  7:32  Photon Cannon  
  18  7:37  Photon Cannon  
  18  7:41  Photon Cannon  
  18  7:47  Pylon  
  18  7:52  Probe  
  19  8:00  Probe  
  19  8:05  Void Ray  
  24  8:10  Probe  
  25  8:22  Probe  
  26  8:34  Probe  
  27  8:42  Protoss Air Weapons Level 1  
  27  8:59  Void Ray  
  31  10:02  Void Ray  
  31  10:03  Void Ray  
  39  10:09  Nexus  
  39  10:24  Photon Cannon  
  39  10:27  Photon Cannon  
  39  10:30  Photon Cannon  
  39  10:33  Photon Cannon  
  39  10:40  Void Ray  
  43  10:52  Protoss Air Armor Level 1  
  43  11:01  Assimilator  
  43  11:06  Assimilator  
  43  11:08  Void Ray  
  47  11:27  Probe  
  48  11:35  Probe  
  49  11:44  Probe  
  49  11:45  Void Ray  
  54  11:56  Probe  
  55  12:11  Fleet Beacon  
Show
View Real Time Build Order
Export as new Build Order

WheresWaldo Protoss 

Build Orders:  

Get SALT Encoding   

  12  0:01  Probe  
  13  0:13  Probe  
  14  0:25  Probe  
  14  0:27  Pylon  
  15  0:45  Probe  
  16  0:58  Probe  
  17  1:10  Probe  
  18  1:13  Pylon  
  18  1:19  Pylon  
  18  1:22  Probe  
  19  1:37  Forge  
  19  1:44  Assimilator  
  19  1:51  Assimilator  
  19  2:13  Photon Cannon  
  19  2:18  Photon Cannon  
  19  2:25  Photon Cannon  
  19  2:28  Photon Cannon  
  19  2:36  Photon Cannon  
  19  2:42  Photon Cannon  
  19  2:56  Pylon  
  19  3:04  Photon Cannon  
  19  3:16  Photon Cannon  
  19  3:31  Probe  
  19  3:33  Photon Cannon  
  20  3:39  Probe  
  20  3:48  Probe  
  21  3:53  Photon Cannon  
  22  4:20  Probe  
  22  4:21  Pylon  
  23  4:28  Probe  
  23  4:35  Photon Cannon  
  23  4:37  Probe  
  24  4:42  Gateway  
  25  4:50  Protoss Shields Level 1  
  25  5:29  Probe  
  26  5:38  Probe  
  27  5:46  Probe  
  28  6:51  Nexus  
  28  7:15  Cybernetics Core  
  28  7:34  Pylon  
  28  7:47  Pylon  
  28  8:04  Stargate  
  28  8:09  Twilight Council  
  28  8:15  Stargate  
  28  8:26  Photon Cannon  
  28  8:33  Photon Cannon  
  28  8:45  Assimilator  
  28  8:49  Assimilator, Probe  
  29  8:57  Probe  
  30  9:04  Void Ray  
  30  9:06  Probe  
  30  9:09  Void Ray  
  39  9:15  Probe  
  39  9:23  Probe  
  41  9:33  Probe  
  42  9:43  Protoss Shields Level 2  
  42  9:47  Void Ray  
  42  9:52  Void Ray  
  50  10:04  Pylon  
  50  10:06  Pylon  
  50  10:11  Pylon  
  50  10:25  Pylon  
  50  10:30  Void Ray  
  50  10:35  Void Ray  
  58  10:55  Protoss Air Weapons Level 1  
  58  11:10  Stargate  
  58  11:12  Void Ray  
  58  11:16  Fleet Beacon  
  58  11:17  Void Ray  
  66  11:19  Pylon  
  66  11:46  Void Ray  
  66  11:50  Void Ray  
  71  12:04  Void Ray  
  75  12:29  Void Ray  
  71  12:33  Void Ray  
  66  12:47  Void Ray  
Show
View Real Time Build Order
Export as new Build Order

Throwfordays Protoss 

Build Orders: 1 Gate Expand, Double Forge 

Get SALT Encoding   

  12  0:01  Probe  
  13  0:15  Pylon  
  13  0:16  Probe  
  14  0:25  Probe  
  14  0:33  Probe  
  16  0:48  Probe  
  16  0:49  Gateway  
  17  0:54  Assimilator  
  17  1:05  Probe  
  18  1:17  Probe  
  19  1:28  Nexus  
  19  1:29  Probe  
  20  1:42  Cybernetics Core  
  20  1:47  Probe  
  20  1:48  Assimilator  
  21  1:59  Probe  
  22  2:11  Probe  
  23  2:16  Gateway  
  23  2:18  Robotics Facility  
  23  2:20  Warp Gate  
  23  2:33  Pylon  
  23  2:39  Adept  
  23  2:41  Probe  
  26  2:46  Pylon  
  26  2:52  Probe x2  
  28  3:00  Probe  
  28  3:04  Probe  
  30  3:08  Probe, Immortal  
  31  3:16  Probe  
  36  3:26  Forge  
  36  3:34  Forge  
  36  3:37  Probe  
  36  3:39  Probe  
  38  3:49  Probe  
  38  3:51  Probe  
  40  4:11  Immortal  
  40  4:12  Adept  
  40  4:13  Adept  
  48  4:24  Protoss Ground Weapons Level 1, Protoss Ground Armor Level 1  
  48  4:33  Probe  
  48  4:34  Probe  
  50  4:38  Assimilator  
  50  4:42  Assimilator  
  51  4:45  Probe  
  51  4:46  Probe  
  51  4:48  Twilight Council  
  52  4:58  Pylon, Probe  
  53  5:07  Nexus  
  53  5:11  Pylon  
  53  5:16  Immortal  
  53  5:19  Pylon  
  57  5:24  Pylon  
  57  5:25  Gateway  
  57  5:28  Gateway  
  57  5:35  Gateway  
  57  5:39  Gateway  
  57  5:43  Gateway  
  57  5:51  Gateway  
  57  5:58  Probe  
  57  5:59  Assimilator  
  57  6:01  Probe  
  57  6:03  Assimilator  
  59  6:06  Resonating Glaives  
  59  6:09  Stalker  
  59  6:10  Probe  
  62  6:13  Stalker, Probe  
  65  6:19  Warp Prism  
  65  6:21  Probe  
  65  6:23  Probe  
  65  6:25  Probe  
  70  6:29  Probe  
  70  6:38  Probe  
  71  6:42  Stalker x2  
  71  6:43  Stalker  
  78  6:50  Probe  
  78  6:53  Stalker x2  
  83  6:54  Stalker  
  85  7:02  Probe  
  85  7:04  Stalker x2  
  82  7:27  Probe  
  82  7:29  Pylon  
  83  7:38  Photon Cannon  
  83  7:39  Probe  
  83  7:41  Photon Cannon  
  84  7:45  Probe  
  84  7:51  Probe x2  
  85  7:58  Probe  
  88  7:59  Probe  
  88  8:03  Probe  
  90  8:09  Probe  
  90  8:10  Stalker x6, Probe  
  104  8:16  Probe  
  105  8:21  Probe  
  105  8:22  Probe  
  105  8:23  Photon Cannon  
  105  8:25  Photon Cannon  
  107  8:29  Photon Cannon  
  107  8:33  Probe  
  108  8:34  Probe  
  108  8:35  Photon Cannon  
  108  8:37  Protoss Ground Weapons Level 2, Protoss Ground Armor Level 2  
  108  8:39  Photon Cannon  
  109  8:56  Pylon  
  109  8:59  Nexus  
  109  9:01  Pylon  
  109  9:03  Pylon  
  109  9:05  Probe x2  
  105  9:17  Stalker x2, Probe  
  105  9:18  Stalker x2  
  105  9:19  Stalker  
  110  9:58  Gateway  
  110  10:00  Gateway  
  110  10:01  Gateway  
  110  10:11  Probe  
  111  10:35  Pylon  
  111  10:38  Robotics Facility x2  
  111  10:41  Robotics Facility  
  111  10:50  Robotics Bay  
  111  10:52  Charge  
  111  10:54  Immortal  
  113  11:34  Stalker x4  
  113  11:35  Stalker x4  
  113  11:36  Stalker  
  135  11:41  Colossus  
  135  11:42  Colossus x2  
  135  11:45  Colossus  
  155  11:56  Probe  
  146  12:33  Probe  
Show
View Real Time Build Order
Export as new Build Order

brotherbatch Protoss 

Build Orders: Blink Stalkers 

Get SALT Encoding   

  12  0:02  Probe  
  13  0:17  Pylon  
  13  0:22  Assimilator  
  13  0:34  Probe  
  13  0:37  Gateway  
  13  0:42  Probe  
  15  0:52  Probe  
  16  1:04  Probe  
  17  1:12  Assimilator  
  17  1:16  Probe  
  18  1:24  Probe  
  18  1:26  Cybernetics Core  
  18  1:32  Probe  
  20  1:40  Pylon  
  20  1:42  Probe  
  21  1:54  Probe  
  21  1:56  Stalker  
  24  2:24  Stalker  
  26  2:53  Gateway  
  26  2:55  Gateway  
  26  3:00  Pylon  
  26  3:01  Twilight Council  
  26  3:11  Warp Gate  
  26  3:45  Gateway  
  26  3:52  Blink, Stalker x2  
  26  3:53  Stalker  
  32  3:58  Pylon  
  32  4:14  Probe  
  33  5:16  Stalker x4  
  41  5:25  Nexus  
  41  5:27  Assimilator  
  41  5:31  Assimilator  
  41  5:32  Forge  
  41  5:33  Forge, Pylon  
  41  5:36  Pylon  
  41  5:50  Probe  
  41  5:53  Charge  
  42  5:58  Probe  
  43  6:08  Probe  
  43  6:09  Protoss Ground Weapons Level 1  
  43  6:10  Protoss Ground Armor Level 1  
  44  6:17  Zealot x2  
  48  6:18  Zealot  
  48  6:20  Probe  
  51  6:32  Probe  
  52  6:36  Stalker  
  54  6:58  Stalker x2  
  54  6:59  Stalker x2  
  62  7:02  Probe  
  62  7:03  Probe  
  64  7:10  Probe  
  64  7:11  Probe  
  66  7:18  Probe  
  66  7:19  Probe  
  67  7:29  Probe x2  
  68  7:30  Pylon  
  68  7:35  Pylon  
  70  7:41  Probe  
  71  7:45  Gateway  
  71  7:48  Gateway  
  71  7:55  Gateway  
  71  7:59  Gateway, Probe x2  
  71  8:03  Sentry x3  
  79  8:09  Protoss Shields Level 1  
  79  8:10  Protoss Ground Weapons Level 2  
  79  8:11  Probe x2  
  81  8:30  Stalker x3  
  81  8:33  Sentry  
  89  8:43  Zealot x2  
  93  8:56  Pylon  
  93  8:59  Pylon  
  93  9:01  Pylon  
  93  9:15  Nexus  
  93  9:18  Assimilator x2  
  93  9:42  Stalker x5  
  103  9:49  Zealot x2  
  107  10:07  Zealot x4  
  107  10:10  Zealot  
  117  10:27  Pylon  
  117  10:30  Pylon  
  117  10:33  Pylon  
  117  10:36  Pylon  
  117  10:49  Stalker x4  
  125  10:52  Sentry x3  
  131  11:26  Stalker x2  
  131  11:27  Stalker x5  
  131  11:28  Stalker  
  119  13:00  Stalker  
  119  13:01  Stalker x7  
Show
View Real Time Build Order
Export as new Build Order

DoNoHoes Terran 

Build Orders:  

Get SALT Encoding   

  12  0:01  SCV  
  13  0:14  SCV  
  14  0:21  Supply Depot  
  14  0:26  Refinery  
  14  0:34  SCV  
  15  0:46  SCV  
  16  0:54  Barracks  
  16  0:58  SCV  
  17  1:14  Barracks  
  17  1:17  SCV  
  19  1:37  SCV  
  19  1:43  Reaper  
  20  1:49  Factory  
  20  1:55  Refinery, SCV  
  21  2:08  Barracks Reactor  
  21  2:26  Barracks Tech Lab  
  21  2:34  Orbital Command, Engineering Bay  
  21  2:36  Engineering Bay  
  21  2:45  Starport  
  21  2:47  Marine x2  
  23  3:33  Supply Depot, Command Center  
  23  3:55  SCV  
  24  4:07  SCV  
  25  4:21  Supply Depot  
  25  4:22  Terran Infantry Weapons Level 1  
  25  4:23  Terran Infantry Armor Level 1  
  25  4:24  Marine x2, SCV  
  26  4:25  Marine  
  26  4:30  Factory Tech Lab  
  29  4:33  Starport Reactor  
  29  4:36  SCV  
  30  4:42  Marine, Supply Depot  
  31  4:51  Orbital Command  
  31  5:06  Marine x3  
  34  5:09  Siege Tank  
  37  5:14  Medivac  
  39  5:24  Marine x2  
  41  5:36  SCV  
  42  5:47  Marine x3  
  42  5:48  SCV  
  42  5:49  Siege Tank  
  49  5:57  Orbital Command  
  49  6:01  SCV, Armory  
  50  6:05  Marine x3  
  53  6:13  SCV  
  53  6:15  Factory  
  54  6:25  SCV, Medivac  
  57  6:28  SCV  
  58  6:35  Marine x3  
  58  6:37  SCV  
  62  6:49  Supply Depot  
  62  7:10  Marine, SCV x2, Medivac, Liberator  
  62  7:11  Refinery  
  70  7:19  Supply Depot  
  70  7:28  Supply Depot  
  70  7:40  Marine x3, SCV x2  
  70  7:41  Supply Depot  
  75  7:52  SCV x2  
  75  7:53  Supply Depot  
  75  7:58  Marine x3  
  80  8:04  Supply Depot, SCV  
  81  8:14  Terran Infantry Armor Level 2, Terran Infantry Weapons Level 2  
  81  8:15  Marine, Supply Depot  
  81  8:17  Marine x2  
  84  8:33  Marine  
  85  8:35  Marine x2  
  85  8:36  SCV  
  85  8:37  SCV  
  90  8:48  SCV  
  90  8:49  SCV  
  90  8:51  Marine  
  90  8:52  Marine  
  90  8:53  Marine  
  94  9:00  SCV  
  94  9:01  SCV  
  94  9:09  Marine  
  94  9:10  Marine x2  
  94  9:12  SCV  
  94  9:13  SCV  
  98  9:24  SCV  
  98  9:25  SCV  
  98  9:27  Marine  
  98  9:28  Marine x2  
  95  9:41  Stimpack  
  95  9:45  Marine  
  82  9:46  Marine x2  
  84  9:54  Refinery  
  84  9:59  Command Center  
  84  10:02  Marine, Barracks  
  84  10:04  Marine x2  
  87  10:08  SCV  
  88  10:20  Marine, SCV  
  88  10:21  Marine, Starport  
  90  10:22  Marine  
  90  10:27  SCV, Command Center  
  93  10:32  Terran Vehicle And Ship Armor Level 1  
  93  10:33  SCV, Terran Infantry Weapons Level 3  
  93  10:34  Terran Infantry Armor Level 3  
  94  10:37  Liberator  
  94  10:38  Marine  
  94  10:39  Marine x2  
  100  10:56  Marine  
  101  10:58  Starport  
  101  11:01  Siege Tank  
  101  11:02  Factory Tech Lab  
  104  11:20  Combat Shield  
  104  11:28  Marine x3  
  107  11:33  Siege Tank  
  107  11:37  Barracks Reactor  
  110  11:46  Marine x3  
  113  11:51  Orbital Command  
  113  12:04  Marine x3  
  116  12:22  Marine x3  
  107  12:36  Marine x2  
  104  12:39  Marine  
  104  12:40  Marine x2  
  107  12:46  Barracks  
  107  12:48  Barracks  
  107  12:51  Barracks  
  107  12:54  Marine x2  
  107  12:57  Marine x2  
  107  12:58  Marine  
  112  13:11  Marine  
  112  13:12  Marine  
  115  13:15  Marine x3  
Show
View Real Time Build Order
Export as new Build Order

xJRog Terran 

Build Orders:  

Get SALT Encoding   

  12  0:08  SCV  
  13  0:54  Supply Depot  
  13  0:59  SCV  
  13  1:03  Refinery  
  14  1:11  SCV  
  15  1:23  SCV  
  16  1:36  Barracks  
  16  1:39  SCV  
  17  1:52  SCV  
  18  2:04  SCV  
  19  2:27  Marine, Barracks  
  19  2:28  Factory  
  20  2:31  Orbital Command  
  20  2:45  Marine, Command Center  
  20  2:46  Refinery  
  21  3:03  Marine  
  22  3:16  Supply Depot, SCV  
  23  3:20  Factory Tech Lab  
  23  3:28  Supply Depot  
  23  3:37  Marine  
  23  3:38  SCV  
  23  3:40  Supply Depot  
  25  3:42  Marine  
  25  3:46  Siege Tank  
  29  3:50  SCV  
  29  3:54  Supply Depot  
  30  4:00  Marine x2  
  30  4:02  SCV  
  33  4:14  SCV  
  34  4:18  Engineering Bay  
  34  5:05  SCV  
  35  5:17  Marine x2  
  35  5:19  Siege Tank  
  40  5:32  SCV  
  40  5:34  Marine  
  42  5:37  SCV  
  43  5:44  SCV  
  43  5:45  Supply Depot  
  43  5:49  SCV  
  45  5:50  Barracks Tech Lab  
  45  5:52  Terran Infantry Weapons Level 1  
  45  5:56  SCV  
  46  6:05  SCV  
  46  6:08  SCV  
  48  6:17  SCV  
  49  6:20  SCV  
  50  6:29  SCV  
  51  6:36  Marine, Sensor Tower  
  52  6:40  Sensor Tower, Marauder  
  52  6:41  SCV  
  55  6:49  Missile Turret  
  55  6:53  SCV  
  56  6:54  Marine  
  56  6:57  Starport, Cyclone  
  60  7:01  Marauder  
  60  7:06  Orbital Command  
  62  7:11  Refinery, Missile Turret  
  62  7:12  Marine  
  62  7:13  Refinery  
  62  7:15  SCV  
  64  7:22  Marine  
  64  7:27  SCV  
  64  7:29  Cyclone  
  69  7:30  Marine  
  69  7:36  Supply Depot  
  70  7:39  SCV  
  70  7:40  Marine  
  70  7:42  Viking  
  74  7:47  Marine  
  74  7:49  Starport  
  75  7:51  SCV  
  76  8:00  Supply Depot  
  76  8:05  Marine  
  76  8:06  Terran Infantry Armor Level 1, Missile Turret  
  76  8:11  Armory  
  76  8:12  Medivac  
  79  8:32  Sensor Tower  
  79  8:42  Siege Tank  
  82  8:55  Factory  
  82  9:08  Sensor Tower  
  82  9:45  Sensor Tower  
  82  10:03  Marine x2  
  84  10:10  Viking  
  84  10:11  Viking  
  88  10:21  Marine x2  
  89  10:26  SCV  
  91  10:32  Factory Reactor  
  91  10:36  Factory Tech Lab  
  91  10:38  SCV  
  91  10:39  Marine  
  93  10:50  SCV  
  94  11:04  Command Center  
  94  11:14  Viking  
  93  12:01  Viking  
  94  12:15  Viking, Marauder  
  93  12:45  Viking  
  76  13:29  Barracks  
  76  13:30  Starport Reactor  
  76  13:34  Starport Reactor  
Show
View Real Time Build Order
Export as new Build Order

BRAZZERS Protoss 

Build Orders: 1 Gate Expand, Phoenix Opening, Carriers, Mass Phoenix 

Get SALT Encoding   

  12  0:01  Probe  
  13  0:14  Probe  
  14  0:19  Pylon  
  14  0:26  Probe  
  15  0:38  Probe  
  16  0:50  Probe  
  17  0:57  Gateway  
  17  1:02  Probe  
  18  1:14  Probe  
  19  1:20  Nexus  
  19  1:27  Assimilator  
  19  1:40  Probe  
  19  1:43  Assimilator, Zealot  
  22  1:53  Cybernetics Core  
  22  1:59  Probe  
  23  2:16  Probe  
  23  2:20  Pylon  
  23  2:32  Probe  
  23  2:33  Probe  
  27  2:41  Probe  
  25  2:46  Probe  
  25  2:47  Assimilator  
  25  2:49  Probe  
  27  2:54  Probe  
  29  2:58  Probe  
  30  3:06  Stargate, Probe  
  30  3:12  Stargate  
  31  3:19  Probe  
  31  3:21  Probe  
  33  3:27  Probe  
  33  3:30  Assimilator  
  33  3:33  Probe  
  35  3:36  Probe  
  36  3:45  Probe  
  36  3:47  Probe  
  38  3:51  Phoenix  
  40  3:57  Probe  
  40  3:58  Phoenix, Probe  
  44  4:03  Pylon  
  44  4:06  Probe  
  44  4:09  Probe  
  45  4:15  Phoenix  
  46  4:19  Probe  
  46  4:23  Phoenix  
  51  4:31  Pylon  
  51  4:32  Probe  
  52  4:39  Probe  
  52  4:41  Phoenix x2  
  52  4:44  Probe  
  54  4:45  Pylon  
  58  4:55  Probe  
  58  5:04  Phoenix x2  
  63  5:14  Probe x2  
  63  5:20  Pylon  
  64  5:29  Phoenix x2  
  64  5:34  Protoss Air Weapons Level 1  
  68  5:43  Pylon  
  68  5:45  Nexus  
  68  5:48  Probe x2  
  70  6:00  Probe x2  
  72  6:12  Probe x2  
  72  6:14  Assimilator  
  72  6:18  Pylon  
  74  6:24  Probe  
  75  6:26  Assimilator  
  75  6:31  Probe  
  75  6:32  Void Ray x2  
  84  6:36  Probe  
  85  6:43  Probe  
  86  7:13  Probe  
  86  7:14  Probe x2  
  86  7:15  Void Ray x2  
  95  7:28  Probe x3  
  98  7:45  Stargate x2  
  98  7:47  Stargate  
  98  7:58  Void Ray x2  
  106  7:59  Pylon  
  106  8:00  Pylon  
  106  8:01  Protoss Air Armor Level 1  
  106  8:11  Fleet Beacon  
  106  8:39  Gateway  
  106  8:40  Void Ray  
  106  8:41  Pylon, Void Ray  
  114  8:47  Anion Pulse-Crystals  
  114  8:50  Gateway x2  
  114  8:51  Gateway  
  114  8:52  Gateway  
  114  8:55  Cybernetics Core  
  114  9:05  Twilight Council  
  114  9:06  Carrier x2  
  126  9:23  Nexus  
  126  9:25  Pylon  
  126  9:28  Pylon  
  126  9:33  Pylon  
  126  9:35  Assimilator  
  126  9:39  Void Ray  
  126  9:40  Assimilator  
  126  9:42  Void Ray x2  
  138  10:10  Void Ray  
  138  10:11  Probe x3  
  145  10:32  Forge, Carrier x2  
  145  10:34  Forge  
  145  10:35  Carrier  
  163  10:39  Pylon  
  163  10:41  Pylon, Blink  
  163  10:43  Pylon  
  163  10:44  Gateway  
  163  10:45  Shield Battery  
  163  10:47  Shield Battery, Warp Gate  
  163  10:49  Shield Battery  
  163  10:51  Pylon  
  163  10:55  Protoss Air Armor Level 2  
  163  11:06  Mothership  
  171  11:27  Carrier  
  177  11:47  Void Ray x4  
  191  12:30  Void Ray  
  195  12:40  Void Ray  
Tags
 
Add a new tag
Caveats
  • Supply blocks, unpowered buildings, or Contaminate may cause inaccurate times.
  • Supply counts are checked every 10 seconds.